 Dungeon Crawl Stone Soup version 0.26-a0-613-g4f23886233 (webtiles) character file.

Game seed: 14130758485758322232

9 Peloso the Skirmisher (level 2, 24/24 HPs)
             Began as a Demonspawn Fighter on Sept 11, 2020.
             Got out of the dungeon alive.
             The game lasted 00:01:11 (389 turns).

Peloso the Skirmisher (Demonspawn Fighter)           Turns: 389, Time: 00:01:12

Health: 24/24      AC:  9    Str: 16    XL:     2   Next: 6%
Magic:  2/2        EV:  4    Int: 11    God:
Gold:   33         SH:  8    Dex: 12    Spells: 1/1 levels left

rFire    . . .     SeeInvis .   a - +0 long sword
rCold    . . .     Faith    .   c - +0 kite shield
rNeg     . . .     Spirit   .   i - +0 chain mail
rPois    .         Reflect  .   (no helmet)
rElec    .         Harm     .   (no cloak)
rCorr    .                      (no gloves)
MR       .....                  (no boots)
Stlth    ..........             e - amulet of regeneration
HPRegen  0.48/turn              (no ring)
MPRegen  0.08/turn              (no ring)

@: no status effects
A: big brain 1
a: no special abilities


You escaped.
You visited 1 branch of the dungeon, and saw 1 of its levels.

You collected 33 gold pieces.

Inventory:

Hand Weapons
 a - a +0 long sword (weapon)
Missiles
 j - 13 bolts
Armour
 b - a +0 scale mail
 c - a +0 kite shield (worn)
 i - a +0 chain mail (worn)
Jewellery
 e - an amulet of regeneration (around neck)
Scrolls
 f - a scroll of blinking {unknown}
Potions
 d - 2 potions of might
 g - a potion of mutation {unknown}
 h - a potion of brilliance {unknown}


   Skills:
 + Level 3.2 Fighting
 + Level 1.7 Long Blades
 + Level 2.8 Armour
 + Level 0.3 Dodging
 + Level 2.9 Shields


You had one spell level left.
You didn't know any spells.
Your spell library was empty.

Dungeon Overview and Level Annotations

Branches:
Dungeon (1/15)

Altars:


Innate Abilities, Weirdness & Mutations

You have an unusually large brain. (Int +2)


Message History

You block the bat's attack. The bat barely misses you.
You block the bat's attack.
You barely miss the bat. The bat hits you but does no damage. The bat hits you.
The bat hits you but does no damage.
You hit the bat.
The bat is severely wounded.
The bat barely misses you.
You riposte.
You hit the bat.
You kill the bat!
(D) Dungeon
Where to? (Enter - D:1 @ (x,y), ? - help)
Things that are here:
a jackal corpse; a jackal corpse
There is an open door here.
You see here a robe.
You open the door.
There is an open door here.
There is an open door here.
There is a staircase leading out of the dungeon here.
Are you sure you want to leave the Dungeon?
This will make you lose the game!
You have escaped!

# #..#.##....# #.#
# #..#.#.....# #.#
# #..#.##....# #.#
### #..#.#....##
#.# ..#
#..#.#.....# #.#
#.# #....#....##
#.# #.#
#.##.###...## #.#
#.# #.##.##.....#
#.# #.#
#....#>###.@# #.#
#.########### ####
#.# #...........#
#.# ###########.#
#.#
#.##############.#
#................#
##################


There were no monsters in sight!

Vanquished Creatures
  A goblin (D:1)
  A hobgoblin (D:1)
  4 jackals (D:1)
  A ball python (D:1)
  A bat (D:1)
8 creatures vanquished.

Notes
Turn   | Place    | Note
-------+----------+-------------------------------------------
     0 | D:1      | Peloso the Demonspawn Fighter began the quest for the Orb.
     0 | D:1      | Reached XP level 1. HP: 18/18 MP: 1/1
   205 | D:1      | Gained mutation: You have an unusually large brain. (Int
                  | +2) [demonic ancestry]
   205 | D:1      | Reached XP level 2. HP: 24/24 MP: 2/2
   389 | D:$      | Got out of the dungeon alive.

Illustrated notes

Levels and vault maps discovered:
D:1:      minmay_arrival_jagged, layout_basic

Action                   || total
-------------------------++-------
Melee: Long sword        ||    40
Armor: Chain mail        ||    51
       Scale mail        ||     2
Dodge: Dodged            ||    13
Block: Kite shield       ||    36
       Rpst.: Long sword ||     4

Table legend: (Time is in decaauts)
 A = Elapsed time spent in this place.
 B = Non-inter-level travel time spent in this place.
 C = Inter-level travel time spent in this place.
 D = Time resting spent in this place.
 E = Time spent auto-exploring this place.
 F = Levels seen in this place.
 G = Mean time per level.
                   A        B        C        D        E       F      G
               +--------+--------+--------+--------+--------+-----+--------+
         Total |    405 |    274 |    131 |      0 |    129 |   1 |  405.0 |
       Dungeon |    405 |    274 |    131 |      0 |    129 |   1 |  405.0 |
               +--------+--------+--------+--------+--------+-----+--------+

Top non-repeatable levels by time:
     D:1: 405 daAuts
